Map: King Sejong Station LE

Players

PiG - Winner!

  • Race: Zerg Zerg
  • League: Grandmaster

RunaMoK (Losira)

  • Race: Terran Terran
  • League: Grandmaster

Event: The PiG Daily 33

VOD

https://www.youtube.com/watch?v=JSg4-RFrGgM

Description

Time

  • Played on: July 4, 2016, 4:42 a.m.
  • Length: 12:24

All games in this series

Show
View Real Time Build Order
Export as new Build Order

PiG Zerg - Winner!

Build Orders: Pool First 

Get SALT Encoding   

  12  0:01  Drone  
  13  0:12  Overlord  
  13  0:17  Drone  
  14  0:31  Drone x2  
  16  0:37  Drone  
  17  0:45  Spawning Pool  
  17  0:48  Drone  
  17  1:11  Hatchery  
  16  1:12  Drone  
  16  1:16  Extractor  
  16  1:18  Drone  
  17  1:20  Drone  
  18  1:28  Drone  
  19  1:34  Queen  
  19  1:38  Zergling x2  
  22  1:49  Overlord  
  22  2:07  Drone  
  23  2:10  Queen  
  23  2:13  Drone  
  26  2:18  Metabolic Boost  
  26  2:22  Drone  
  27  2:24  Drone  
  28  2:33  Queen  
  30  2:38  Drone x2  
  32  2:44  Drone x2  
  32  2:49  Drone x2  
  36  2:51  Overlord  
  36  2:54  Overlord  
  35  3:02  Drone  
  36  3:08  Evolution Chamber  
  36  3:09  Drone x2  
  37  3:16  Overlord  
  37  3:19  Drone x2  
  39  3:21  Drone x4  
  39  3:22  Drone  
  44  3:33  Roach Warren  
  42  3:35  Zerg Ground Armor Level 1  
  42  3:42  Extractor, Drone  
  42  3:43  Drone x2  
  42  3:44  Extractor  
  43  3:52  Drone x3  
  43  3:53  Drone  
  47  3:57  Overlord  
  47  4:08  Hatchery  
  46  4:12  Roach  
  46  4:13  Roach x2  
  52  4:21  Roach x3  
  58  4:27  Drone  
  58  4:30  Lair  
  58  4:31  Extractor, Drone  
  59  4:32  Drone x2  
  59  4:33  Drone  
  62  4:41  Queen  
  64  4:47  Roach x2  
  64  4:50  Spore Crawler  
  64  4:51  Spore Crawler  
  66  4:53  Overlord  
  66  4:56  Overlord  
  66  5:02  Drone  
  66  5:04  Drone  
  66  5:05  Overlord  
  66  5:06  Overlord  
  68  5:14  Drone x2  
  68  5:16  Roach x2  
  68  5:17  Zergling x2  
  77  5:28  Zergling x10  
  76  5:37  Queen  
  78  5:43  Queen  
  78  5:45  Zerg Ground Armor Level 2, Spore Crawler  
  78  5:48  Drone  
  80  5:50  Infestation Pit  
  80  5:56  Drone x5  
  84  6:01  Drone, Glial Reconstitution  
  85  6:05  Drone  
  85  6:06  Drone  
  85  6:07  Overlord  
  85  6:10  Drone  
  87  6:11  Drone  
  87  6:13  Drone  
  89  6:20  Overlord x2  
  89  6:27  Queen  
  89  6:31  Drone x5  
  92  6:33  Extractor  
  92  6:34  Drone  
  92  6:35  Drone  
  92  6:37  Drone  
  92  6:39  Extractor  
  93  6:47  Hive, Pathogen Glands  
  93  6:50  Drone x2  
  93  6:51  Drone  
  96  7:01  Overlord  
  96  7:02  Roach x6  
  96  7:05  Roach  
  96  7:08  Roach x2  
  114  7:14  Overlord  
  114  7:15  Overlord x2  
  114  7:22  Hatchery  
  112  7:33  Infestor x2  
  112  7:34  Infestor x2  
  112  7:35  Infestor  
  122  7:42  Roach x5  
  132  7:46  Drone  
  133  7:51  Ravager x3  
  133  7:52  Ravager, Roach x2  
  133  7:53  Roach  
  142  8:02  Zergling x6  
  143  8:08  Spore Crawler  
  142  8:14  Zerg Ground Armor Level 3  
  142  8:16  Drone x2  
  142  8:18  Ultralisk Cavern  
  143  8:32  Overlord x3  
  143  8:35  Overlord x2  
  141  8:51  Overlord x2, Adrenal Glands  
  141  8:54  Drone x3, Extractor  
  141  8:55  Extractor, Drone x3  
  143  8:56  Drone x3  
  143  9:00  Queen  
  148  9:08  Chitinous Plating, Overlord  
  154  9:10  Ultralisk x2  
  160  9:18  Ultralisk  
  166  9:27  Ultralisk  
  172  9:39  Ultralisk  
  172  9:41  Ultralisk  
  184  9:52  Ultralisk  
  190  10:05  Ultralisk  
  196  10:08  Zergling x2  
  196  10:09  Zergling x4  
  200  10:18  Ravager  
  199  10:21  Overseer  
  199  10:22  Overseer  
  197  10:34  Ultralisk  
  193  10:36  Ravager x2  
  188  10:45  Drone  
  188  10:46  Drone x3  
  188  10:47  Drone x7  
  198  10:50  Spore Crawler  
  198  10:52  Spore Crawler  
  196  11:04  Zergling x4  
  196  11:05  Zergling x2  
  188  11:19  Ultralisk  
  167  11:52  Zergling x6  
  167  11:53  Zergling x20  
Show
View Real Time Build Order
Export as new Build Order

RunaMoK Terran 

Build Orders: Losira's Dragon-Turtle, Reaper Expand, MMM Bio 

Get SALT Encoding   

  12  0:00  SCV  
  13  0:13  SCV  
  14  0:17  Supply Depot  
  14  0:25  SCV  
  15  0:38  SCV  
  15  0:39  Barracks  
  16  0:44  Refinery  
  16  0:50  SCV  
  17  1:02  SCV  
  18  1:16  SCV  
  19  1:27  Reaper  
  19  1:28  Orbital Command  
  20  1:40  Command Center  
  20  1:49  Supply Depot  
  20  1:54  SCV  
  21  1:59  Barracks Reactor  
  21  2:06  SCV  
  21  2:08  Barracks  
  22  2:13  Refinery  
  22  2:20  SCV  
  23  2:27  Factory  
  23  2:32  SCV  
  23  2:40  Marine x2  
  25  2:44  SCV  
  25  2:57  Barracks Tech Lab, SCV  
  26  3:00  Marine x2  
  28  3:08  Orbital Command  
  28  3:09  SCV  
  29  3:17  Stimpack  
  29  3:20  Marine  
  29  3:22  SCV  
  31  3:27  Marine x2  
  34  3:34  SCV  
  34  3:37  Starport  
  34  3:40  Factory Reactor  
  34  3:41  SCV  
  34  3:47  Marine x2  
  34  3:48  SCV  
  38  3:52  Supply Depot  
  38  3:53  SCV  
  38  3:55  Marine  
  40  4:00  SCV  
  41  4:05  SCV  
  41  4:07  Marine x2  
  44  4:12  SCV  
  44  4:15  Marine  
  46  4:17  SCV  
  46  4:22  Supply Depot, Medivac x2  
  51  4:24  Marine, SCV  
  51  4:29  SCV  
  54  4:40  Engineering Bay  
  54  4:41  Supply Depot, Engineering Bay  
  54  4:43  Marine  
  54  4:44  Marine x2, SCV  
  58  4:50  Refinery  
  58  4:58  SCV  
  58  4:59  SCV  
  60  5:01  Marine  
  60  5:03  Factory Reactor  
  61  5:07  Marine x2  
  61  5:08  Terran Infantry Weapons Level 1  
  61  5:09  Terran Infantry Armor Level 1  
  61  5:10  Medivac  
  61  5:11  SCV x2  
  67  5:19  Marine  
  67  5:20  Supply Depot  
  68  5:21  Supply Depot, Combat Shields  
  68  5:23  SCV x2  
  66  5:37  Marine x3  
  68  5:49  SCV x2  
  69  5:50  Factory Tech Lab  
  69  5:55  Command Center, Marine x3  
  72  5:59  Barracks  
  72  6:01  Supply Depot  
  72  6:03  SCV x2  
  74  6:05  Refinery  
  74  6:12  Siege Tank  
  74  6:13  Marine x2  
  78  6:20  SCV x2  
  78  6:21  Marine  
  83  6:31  Marine  
  83  6:32  Liberator x2  
  81  6:35  SCV  
  81  6:38  Barracks  
  81  6:39  Barracks  
  82  6:40  Marine  
  82  6:41  Marauder, Armory  
  83  6:53  SCV x2  
  91  6:57  Siege Tank  
  91  7:01  Concussive Shells  
  94  7:07  Supply Depot, Marine x2, SCV x2  
  98  7:08  Supply Depot  
  98  7:19  SCV x2  
  98  7:21  Marine x2  
  98  7:22  Marauder  
  104  7:28  Barracks Tech Lab, Barracks Reactor  
  104  7:31  SCV x2  
  106  7:40  Marine x4  
  106  7:42  Medivac x2  
  106  7:44  SCV  
  115  7:46  Supply Depot  
  115  7:50  SCV  
  116  7:51  Orbital Command  
  116  8:08  Marine, Marauder  
  116  8:15  SCV  
  116  8:16  SCV  
  116  8:19  Supply Depot  
  117  8:20  Supply Depot  
  114  8:27  Marine x6, Marauder  
  114  8:28  Siege Tank  
  114  8:29  Medivac x2, Marine  
  129  8:37  SCV x2  
  129  8:39  Refinery  
  131  8:41  Supply Depot  
  131  8:43  Supply Depot  
  131  8:45  Marine x2  
  131  8:48  Marauder  
  135  8:53  Barracks  
  135  8:54  Marauder, Supply Depot x2, Barracks, Marine  
  135  8:55  Barracks  
  138  8:58  Marine x3  
  138  8:59  Medivac  
  140  9:05  Marine  
  140  9:07  Supply Depot  
  140  9:09  Marauder  
  143  9:10  Marine  
  143  9:12  Marine  
  143  9:16  Marine x3, Marauder  
  150  9:22  Terran Infantry Weapons Level 2, Terran Infantry Armor Level 2  
  150  9:23  Marine  
  151  9:28  Marine  
  151  9:29  Marine  
  151  9:30  Marine, Siege Tank  
  157  9:31  Medivac  
  157  9:33  Marine  
  157  9:34  Marine  
  157  9:35  Marine  
  157  9:37  Marauder  
  159  9:40  Marine  
  160  9:47  Marine x2  
  160  9:48  Marine  
  160  9:49  Barracks Tech Lab x2  
  160  9:52  Bunker  
  163  9:57  Barracks Reactor  
  163  9:59  Medivac  
  165  10:01  Medivac  
  165  10:05  Siege Tank  
  170  10:10  Marine x3, Marauder  
  170  10:11  Marine x5, Marauder  
  182  10:27  Marine  
  182  10:28  Marine  
  180  10:31  Liberator x2  
  180  10:35  Marine x2, Marauder  
  172  10:46  Marine x3, Marauder  
  172  10:47  Siege Tank  
  178  11:01  Marine  
  178  11:02  Command Center, Marauder  
  169  11:17  Marine x6, Marauder  
  169  11:18  Marauder x2  
Tags
 
Add a new tag
Caveats
  • Supply blocks, unpowered buildings, or Contaminate may cause inaccurate times.
  • Supply counts are checked every 10 seconds.